 Dungeon Crawl Stone Soup version 0.30.0-10-gfe55d96785 (webtiles) character file.

Game seed: 10114977258620654453

128 qw the Chopper (level 5, 0/32 HPs)
             Began as a Gargoyle Cinder Acolyte on May 15, 2023.
             Was a High Priest of Ignis.
             Slain by Sigmund
             ... wielding a +2 scythe of protection
              (4 damage)
             ... on level 3 of the Dungeon.
             The game lasted 00:01:09 (1926 turns).

qw the Chopper (Gargoyle Cinder Acolyte)            Turns: 1926, Time: 00:01:09

Health: 0/32       AC: 19    Str: 19    XL:     5   Next: 12%
Magic:  6/6        EV:  5    Int: 15    God:    Ignis [*****.]
Gold:   106        SH:  0    Dex:  5    Spells: 6/6 levels left

rFire   + . .        Y - -1 hand axe (flame)
rCold   . . .        (no shield)
rNeg    + . .        h - +0 plate armour
rPois   inf          (no helmet)
rElec   +            (no cloak)
rCorr   .            a - +0 pair of gloves
SInv    .            (no boots)
Will    .....        (no amulet) Stlth
                     j - +4 ring of protection
HPRegen 0.25/turn    (no ring)
MPRegen 0.10/turn

%: no passive effects
@: no status effects
A: sickness immunity, AC +4, negative energy resistance 1, electricity
resistance, torment resistance 1, petrification resistance
a: Renounce Religion, Fiery Armour, Foxfire Swarm, Rising Flame


You were on level 3 of the Dungeon.
You worshipped Ignis.
Ignis was extremely pleased with you.
You visited 1 branch of the dungeon, and saw 3 of its levels.

You collected 106 gold pieces.


Innate Abilities, Weirdness & Mutations

You are immune to sickness and miasma.
Your stone body is resilient. (AC +4)
You are immune to poison.
You resist negative energy. (rN+)
You are resistant to electric shocks. (rElec)
You are resistant to unholy torment.
You are immune to petrification.


   Skills:
 - Level 3.2 Fighting
 + Level 4.7 Axes
 - Level 2.0 Armour
 - Level 1.0 Spellcasting
 - Level 3.0 Fire Magic


You had 6 spell levels left.
You didn't know any spells.
Your spell library contained the following spells:

 Spells                   Type           Power      Damage    Failure   Level
 Scorch                   Fire           18%        2d5       99%         2

Inventory:

Hand Weapons
 Y - a -1 hand axe of flaming (weapon)
Armour
 a - a +0 pair of gloves (worn)
 h - a +0 plate armour (worn)
Jewellery
 j - a +4 ring of protection (left hand)
Potions
 b - a potion of brilliance {unknown}
 c - a potion of curing
 e - a potion of heal wounds
 k - 2 potions of attraction {unknown}

Dungeon Overview and Level Annotations

Branches:
Dungeon (3/15)

Altars:
Trog

Annotations:
D:3 Sigmund


Message History

Sigmund hits you but does no damage.
You hit Sigmund. You burn Sigmund.
Sigmund is lightly wounded.
Sigmund giggles. "Time to reap what you sow."
Sigmund barely misses you.
You barely miss Sigmund.
Sigmund is lightly wounded.
You closely miss Sigmund.
Sigmund is lightly wounded.
Sigmund gestures wildly while chanting.
Sigmund flickers and vanishes!
Deactivating autopickup; reactivate with Ctrl-A.
You hit something but do no damage. Something hits you.
You closely miss something.
You hear some strange, mumbled words.
You are confused.
You miss something. Something hits you but does no damage.
You closely miss something. Something hits you but does no damage.
You hit something. You burn something.
You bump into the rock wall.
Something hits you!
You bump into the rock wall.
Something hits you but does no damage.
You closely miss something.
You feel less confused.
You closely miss something. Something hits you.
You barely miss something. Something hits you but does no damage.
You hit something. You burn something. Something hits you.
You closely miss something. You miss something.
Something hits you but does no damage.
You barely miss something. Something hits you.
You die...

#.# ## #.# ..##)##
#..... ##. #..#..
..#.###..#.# ..
.....#.# #. #..#.# #..
#{@..# #.###..###
#......# . ###.##.#.#
##.##.#.# #.......#
#..#..#####
#...........
#.##.######.##########


There were no monsters in sight!

Vanquished Creatures
  Terence (D:2)
  5 adders
  2 dart slugs
  5 ball pythons
  6 endoplasms
  4 giant cockroaches
  3 hobgoblins
  4 jackals (D:3)
  6 bats
  2 frilled lizards (D:1)
  4 goblins
  4 kobolds
  5 rats
51 creatures vanquished.

Notes
Turn   | Place    | Note
-------+----------+-------------------------------------------
     0 | D:1      | qw the Gargoyle Cinder Acolyte began the quest for the Orb.
     0 | D:1      | Reached XP level 1. HP: 14/14 MP: 2/2
     0 | D:1      | 0 ||| qw: Version: 0.2-a-94-g6f95ed7
     0 | D:1      | 0 ||| qw: Game counter: 29
     0 | D:1      | 0 ||| qw: Always use a shield: true
     0 | D:1      | 0 ||| qw: God list: Okawaru
     0 | D:1      | 0 ||| qw: Allow faded altars: false
     0 | D:1      | 0 ||| qw: Do Orc after D:15 true
     0 | D:1      | 0 ||| qw: Do second Lair branch before Depths: true
     0 | D:1      | 0 ||| qw: Lair rune preference: random
     0 | D:1      | 0 ||| qw: Plans: Normal
     0 | D:1      | 0 ||| PLANNING D:1-11
    72 | D:1      | Reached skill level 3 in Axes
   232 | D:1      | Reached XP level 2. HP: 11/19 MP: 3/3
   365 | D:1      | 365 ||| Stepping ~*~*~tactically~*~*~ (stealth).
   369 | D:1      | 369 ||| Stepping ~*~*~tactically~*~*~ (hiding).
   374 | D:1      | 374 ||| INVOKING Fiery Armour.
   390 | D:1      | 390 ||| Stepping ~*~*~tactically~*~*~ (stealth).
   460 | D:1      | 460 ||| Stepping ~*~*~tactically~*~*~ (stealth).
   461 | D:1      | 461 ||| Stepping ~*~*~tactically~*~*~ (stealth).
   699 | D:1      | Reached XP level 3. HP: 23/23 MP: 4/4
   848 | D:1      | 848 ||| UPGRADING to +0 chain mail.
   858 | D:1      | 858 ||| DROPPING +0 robe.
   859 | D:1      | 859 ||| UPGRADING to +0 plate armour.
   869 | D:1      | 869 ||| DROPPING +0 chain mail.
   870 | D:1      | 870 ||| UPGRADING to +4 ring of protection.
   871 | D:1      | 871 ||| READING scroll labelled NIEGYILAKH.
   872 | D:1      | 872 ||| READING scroll labelled PEOPROA US QINGUU.
   873 | D:1      | 873 ||| READING scroll labelled BONUOH IFFA.
   874 | D:1      | 874 ||| READING scroll labelled MUUJO PAGOAG.
   877 | D:1      | 877 ||| READING scroll labelled LUDUBEL ITUIGU.
   910 | D:2      | Reached skill level 1 in Armour
  1114 | D:2      | 1114 ||| Stepping ~*~*~tactically~*~*~ (hiding).
  1351 | D:2      | Found a bloodstained altar of Trog.
  1389 | D:2      | Noticed Terence
  1400 | D:2      | Killed Terence
  1401 | D:2      | Reached skill level 4 in Axes
  1401 | D:2      | Reached XP level 4. HP: 27/28 MP: 5/5
  1652 | D:2      | 1652 ||| UPGRADING to +0 pair of gloves.
  1657 | D:2      | 1657 ||| READING scroll labelled CIQOMY WUENE.
  1758 | D:2      | 1758 ||| DRINKING 2 amethyst potions.
  1759 | D:2      | 1759 ||| DRINKING 2 pink potions.
  1827 | D:3      | Reached XP level 5. HP: 31/32 MP: 6/6
  1837 | D:3      | 1837 ||| Stepping ~*~*~tactically~*~*~ (stealth).
  1839 | D:3      | 1839 ||| Stepping ~*~*~tactically~*~*~ (stealth).
  1897 | D:3      | Noticed Sigmund
  1898 | D:3      | 1898 ||| Stepping ~*~*~tactically~*~*~ (hiding).
  1899 | D:3      | 1899 ||| Stepping ~*~*~tactically~*~*~ (hiding).
  1900 | D:3      | 1900 ||| Stepping ~*~*~tactically~*~*~ (hiding).
  1918 | D:3      | HP: 6/32 [something (10)]
  1923 | D:3      | HP: 3/32 [something (2)]
  1926 | D:3      | Slain by Sigmund

Levels and vault maps discovered:
D:1:      minmay_arrival_solitary_statue, layout_loops_ring
D:2:      layout_loops_ring, basic_altar, uniq_terence
D:3:      layout_loops_ring, serial_shops, shop, nicolae_ecumenical_oubliette,
          uniq_sigmund

Skill      XL: |  1  2  3 |
---------------+----------+-----
Axes           | 3 4 |  4.7
Armour         | 2 |  2.0
Fighting       | |  3.2
Spellcasting   | |  1.0
Fire Magic     | |  3.0

Action                     |  1- 3 |  4- 6 || total
---------------------------+-------+-------++-------
  Melee: Hand axe          |   127 |    87 ||   214
         Punch             |     4 |       ||     4
 Invoke: Fiery Armour      |     1 |       ||     1
    Use: Scroll            |     5 |     1 ||     6
         Potion            |       |     2 ||     2
 Armour: Robe              |    13 |       ||    13
         Plate armour      |    59 |    66 ||   125
  Dodge: Dodged            |    47 |    18 ||    65

Table legend:
 A = Non-vault XP
 B = Vault XP
 C = Vault XP percentage of total XP
 D = Non-vault monster count
 E = Vault monster count
 F = Vault count percentage of total count
                 A         B        C        D         E       F
            +---------+---------+-------+---------+---------+-------
      Total |     148 |      36 |  19.6 |      50 |       1 |   2.0
            +---------+---------+-------+---------+---------+-------
        D:1 |      37 |       0 |   0.0 |      21 |       0 |   0.0
        D:2 |      70 |      36 |  34.0 |      20 |       1 |   4.8
        D:3 |      41 |       0 |   0.0 |       9 |       0 |   0.0
            +---------+---------+-------+---------+---------+-------
